 Dungeon Crawl Stone Soup version 0.27-a0-1242-ge70438ac7b (webtiles) character file.

Game seed: 7192949039969834112

828 Ijustatesigmund the Chopper (level 7, -1/56 HPs)
             Began as a Demonspawn Fighter on June 9, 2021.
             Killed from afar by a steam dragon (22 damage)
             ... with a ball of steam
             ... on level 5 of the Dungeon.
             The game lasted 00:06:53 (4881 turns).

Ijustatesigmund the Chopper (Demonspawn Fighter)    Turns: 4881, Time: 00:06:55

Health: -1/56      AC: 13    Str: 16    XL:     7   Next: 64%
Magic:  7/7        EV:  4    Int: 10    God:
Gold:   170        SH:  9    Dex: 14    Spells: 6/6 levels left

rFire    . . .     SeeInvis .   a - +1 war axe
rCold    . . .     Faith    .   c - +0 kite shield
rNeg     . . .     Spirit   .   b - +0 chain mail
rPois    .         Reflect  .   (no helmet)
rElec    .         Harm     .   (no cloak)
rCorr    .         Rampage  .   (no gloves)
Will     .....                  g - +0 pair of boots
Stlth    ..........             (no amulet)
HPRegen  0.18/turn              (no ring)
MPRegen  0.10/turn              (no ring)

@: no status effects
A: claws 1, molten scales 2
a: no special abilities


You were on level 5 of the Dungeon.
You visited 1 branch of the dungeon, and saw 5 of its levels.

You collected 170 gold pieces.

Inventory:

Hand Weapons
 a - a +1 war axe (weapon)
 f - a +0 flail of protection
Missiles
 k - 2 throwing nets (quivered)
Armour
 b - a +0 chain mail (worn)
 c - a +0 kite shield (worn)
 g - a +0 pair of boots (worn)
Wands
 i - a wand of flame (21)
 l - a wand of acid (8)
Scrolls
 e - 2 scrolls of fear
Potions
 h - a potion of flight
 j - a potion of mutation


   Skills:
 + Level 5.5 Fighting
 + Level 5.9 Axes
 + Level 3.6 Armour
 + Level 3.5 Shields


You had 6 spell levels left.
You didn't know any spells.
Your spell library contained the following spells:

 Spells                   Type           Power      Damage    Failure   Level
 Summon Small Mammal      Summ           0%         N/A       100%        1
 Call Imp                 Summ           0%         N/A       100%        2
 Call Canine Familiar     Summ           0%         N/A       100%        3
 Summon Guardian Golem    Hex/Summ       0%         N/A       100%        3
 Summon Ice Beast         Ice/Summ       0%         N/A       100%        4
 Summon Lightning Spire   Summ/Air       0%         N/A       100%        4


Dungeon Overview and Level Annotations

Branches:
Dungeon (5/15)
 Temple: D:4-7

Altars:

Shops:
D:5 ?


Innate Abilities, Weirdness & Mutations

You have sharp fingernails.
You are mostly covered in molten scales. (AC +3)


Message History

You are engulfed in a cloud of scalding steam.
The steam dragon bites you but does no damage.
You block the steam dragon's attack.
An adder comes into view.
You block the steam dragon's attack. x2
You hit the steam dragon.
The steam dragon is lightly wounded.
You are engulfed in a cloud of scalding steam.
You block the steam dragon's attack. The steam dragon claws you.
You are too injured to fight recklessly!
You are too injured to fight recklessly!
You are too injured to fight recklessly!
You are too injured to fight recklessly!
You are too injured to fight recklessly!
You are too injured to fight recklessly!
You are too injured to fight recklessly!
You are too injured to fight recklessly!
You are too injured to fight recklessly!
You barely miss the steam dragon.
The steam dragon is lightly wounded.
The steam dragon bites you!
* * * LOW HITPOINT WARNING * * *
The steam dragon claws you but does no damage.
The steam dragon bites you.
* * * LOW HITPOINT WARNING * * *
The steam dragon claws you but does no damage.
It was a potion of heal wounds.
You feel much better. You block the steam dragon's attack.
The steam dragon claws you but does no damage.
You closely miss the steam dragon.
The steam dragon is lightly wounded.
The steam dragon breathes steam at you. The ball of steam hits you!
You hit the steam dragon.
The steam dragon is moderately wounded.
Your shield and chain mail prevent you from hitting the adder.
You are engulfed in a cloud of scalding steam.
The steam dragon breathes steam at you. The ball of steam hits you!!
You die...

####### #######
....... .....#
....... ....# .......
###...# ......
###.....#
....###.###D..#
+##+##†.#...#..@.#
..........#?..#S§#
.........###.###:##
...........### ...#
...^###..###.###..##
#######...#...#.....
...................
.........(#.........
..........#.(......∩.


You could see a steam dragon (catching breath) and an adder.

Vanquished Creatures
  Grinder (D:3)
  An ice beast (D:5)
  A necrophage (D:4)
  A gnoll sergeant (D:4)
  A scorpion (D:4)
  A bullfrog skeleton (D:5)
  Terence (D:2)
  Natasha (thrice) (D:2)
  A hound skeleton (D:4)
  3 gnolls (D:4)
  4 adders
  A howler monkey skeleton (D:4)
  2 ufetubi (D:4)
  An adder skeleton (D:5)
  4 worms
  2 dart slugs
  5 bats
  8 endoplasms
  3 giant cockroaches
  10 goblins
  5 hobgoblins
  22 jackals
  A quokka (D:5)
  5 ball pythons
  3 frilled lizards
  3 kobolds
  2 rats
95 creatures vanquished.

Notes
Turn   | Place    | Note
-------+----------+-------------------------------------------
     0 | D:1      | Ijustatesigmund the Demonspawn Fighter began the quest for
                  | the Orb.
     0 | D:1      | Reached XP level 1. HP: 18/18 MP: 1/1
   243 | D:1      | Gained mutation: You are partially covered in molten
                  | scales. (AC +2) [demonic ancestry]
   243 | D:1      | Reached XP level 2. HP: 24/24 MP: 2/2
   854 | D:2      | Found a faded altar of an unknown god.
   941 | D:2      | Noticed Natasha
   952 | D:2      | Killed Natasha
   953 | D:2      | Gained mutation: You are mostly covered in molten scales.
                  | (AC +3) [demonic ancestry]
   953 | D:2      | Reached XP level 3. HP: 21/29 MP: 3/3
  1105 | D:2      | Noticed Natasha
  1120 | D:2      | Killed Natasha
  1121 | D:2      | Reached XP level 4. HP: 14/37 MP: 4/4
  1464 | D:2      | Noticed Natasha
  1473 | D:2      | Killed Natasha
  1729 | D:2      | You fall into a shaft and drop 1 floor!
  1844 | D:2      | Noticed Terence
  1860 | D:2      | Killed Terence
  1861 | D:2      | Reached XP level 5. HP: 9/42 MP: 5/5
  2695 | D:3      | Noticed Grinder
  2801 | D:3      | Paralysed by Grinder for 4 turns
  2808 | D:3      | Paralysed by Grinder for 2 turns
  2814 | D:3      | Paralysed by Grinder for 7 turns
  2827 | D:3      | Paralysed by Grinder for 5 turns
  2835 | D:3      | Killed Grinder
  2836 | D:3      | Reached skill level 5 in Axes
  2836 | D:3      | Gained mutation: You have sharp fingernails. [demonic
                  | ancestry]
  2836 | D:3      | Reached XP level 6. HP: 21/50 MP: 6/6
  3695 | D:4      | Reached skill level 5 in Fighting
  3713 | D:4      | Reached XP level 7. HP: 43/56 MP: 7/7
  4665 | D:5      | Entered Level 5 of the Dungeon
  4872 | D:5      | Found Zolet's Magic Scroll Boutique.
  4873 | D:5      | Noticed a steam dragon
  4881 | D:5      | Killed from afar by a steam dragon

Illustrated notes

Levels and vault maps discovered:
D:1:      wheals_arrival_linesprint, layout_rooms
D:2:      layout_loops_ring, hellmonk_ecumenical_altar_run_dry, uniq_natasha,
          uniq_terence
D:3:      layout_loops_ring, hangedman_glass_teeth, uniq_grinder
D:4:      layout_loops_ring, lightli_minifort
D:5:      minmay_octagon_keep, layout_gridville, amcnicky_altar_gilded,
          okawaru_ov_weapons_minmay, lemuel_crystal_altar, serial_shops,
          nicolae_shop_waterfront, nicolae_shop_trees,
          nicolae_shop_behind_doors, shop_coins, shop, st_stairs_2,
          minmay_between

Skill      XL: |  1  2  3  4  5  6 |
---------------+-------------------+-----
Axes           | 2 3 4 5 |  5.9
Fighting       | 4 5 |  5.5
Shields        | 3 |  3.5
Armour         | 3 |  3.6

Action                   |  1- 3 |  4- 6 |  7- 9 || total
-------------------------+-------+-------+-------++-------
Melee: War axe           |    97 |   170 |    84 ||   351
  Use: Scroll            |     1 |     7 |       ||     8
       Potion            |     1 |     6 |     2 ||     9
Armor: Scale mail        |    40 |       |       ||    40
       Chain mail        |    25 |    83 |    80 ||   188
Dodge: Dodged            |    28 |    38 |    16 ||    82
Block: Kite shield       |    59 |    77 |    60 ||   196

Table legend: (Time is in decaauts)
 A = Elapsed time spent in this place.
 B = Non-inter-level travel time spent in this place.
 C = Inter-level travel time spent in this place.
 D = Time resting spent in this place.
 E = Time spent auto-exploring this place.
 F = Levels seen in this place.
 G = Mean time per level.
                   A        B        C        D        E       F      G
               +--------+--------+--------+--------+--------+-----+--------+
         Total |   5095 |   4869 |    226 |   1246 |   2691 |   5 | 1019.0 |
       Dungeon |   5095 |   4869 |    226 |   1246 |   2691 |   5 | 1019.0 |
               +--------+--------+--------+--------+--------+-----+--------+

Top non-repeatable levels by time:
     D:2: 1808 daAuts
     D:4: 1278 daAuts
     D:3: 902 daAuts
     D:1: 872 daAuts
     D:5: 233 daAuts
